Map: Whispers of Gold

Players

Jin - Winner!

  • Race: Protoss Protoss
  • League: Grandmaster
  • Spawn Location: 9:00

Moja

  • Race: Terran Terran
  • League: Grandmaster
  • Spawn Location: 5:00

VOD

Have the link to the VOD?

Description

Time

  • Played on: April 23, 2025, 4:10 p.m.
  • Length: 11:08
Show
View Real Time Build Order
Export as new Build Order

Jin Protoss - Winner!

Build Orders: 1 Gate Expand, Blink Stalkers 

Get SALT Encoding   

  12  0:00  Probe  
  13  0:12  Probe  
  14  0:18  Pylon  
  14  0:24  Probe  
  15  0:33  Probe  
  15  0:39  Gateway  
  15  0:41  Probe  
  16  0:49  Assimilator  
  17  0:51  Probe  
  18  1:03  Probe  
  19  1:15  Probe  
  20  1:26  Cybernetics Core  
  20  1:38  Nexus  
  20  1:41  Probe  
  21  1:50  Pylon  
  21  1:55  Assimilator  
  21  1:56  Probe  
  21  1:58  Adept  
  22  2:03  Warp Gate  
  24  2:11  Probe  
  25  2:23  Twilight Council, Probe  
  25  2:28  Stalker  
  26  2:35  Probe  
  29  2:47  Shield Battery, Stalker  
  29  2:50  Blink  
  30  2:51  Probe  
  30  2:52  Probe  
  31  3:03  Probe  
  31  3:05  Probe  
  35  3:15  Probe  
  35  3:19  Probe  
  37  3:30  Probe  
  37  3:33  Probe  
  39  3:39  Robotics Facility  
  39  3:42  Probe  
  39  3:44  Gateway  
  39  3:46  Probe  
  41  3:54  Probe  
  41  3:55  Stalker  
  44  3:58  Probe  
  44  4:02  Pylon  
  45  4:07  Probe  
  46  4:20  Probe  
  46  4:21  Nexus  
  46  4:22  Pylon  
  47  4:26  Observer, Probe  
  47  4:30  Stalker  
  51  4:32  Probe  
  51  4:37  Pylon  
  51  4:38  Probe  
  53  4:40  Observer  
  53  4:43  Forge  
  53  4:44  Probe  
  55  4:48  Assimilator, Protoss Ground Weapons Level 1  
  55  4:50  Probe  
  56  4:56  Probe  
  56  4:57  Charge, Gateway, Observer  
  56  4:58  Gateway  
  57  5:02  Probe  
  59  5:08  Probe  
  59  5:10  Stalker  
  61  5:15  Probe  
  61  5:20  Probe  
  62  5:27  Stalker, Probe  
  65  5:32  Probe  
  65  5:33  Probe  
  67  5:37  Forge  
  67  5:38  Gateway  
  67  5:39  Probe  
  68  5:44  Probe  
  68  5:45  Probe  
  70  5:50  Robotics Bay  
  70  5:52  Gateway, Probe  
  70  5:56  Observer  
  71  5:58  Gateway  
  71  5:59  Gateway  
  71  6:00  Protoss Ground Armor Level 1  
  71  6:02  Pylon  
  71  6:03  Probe  
  72  6:04  Probe  
  72  6:05  Sentry  
  72  6:09  Pylon  
  75  6:18  Immortal  
  75  6:23  Pylon  
  79  6:28  Assimilator  
  79  6:32  Zealot x4  
  87  6:37  Pylon  
  87  6:38  Pylon  
  87  6:42  Probe x3  
  90  6:50  Nexus  
  90  6:54  Protoss Ground Weapons Level 2  
  90  7:00  Zealot x2  
  90  7:01  Zealot x2  
  96  7:05  Sentry  
  100  7:09  Zealot x2  
  100  7:10  Colossus  
  100  7:11  Zealot  
  100  7:12  Observer  
  112  7:26  Zealot x4  
  120  7:35  Pylon  
  120  7:37  Pylon x2  
  120  7:43  Zealot x2  
  123  7:46  Zealot  
  93  7:59  Zealot x5, Colossus  
  99  8:10  Zealot x3  
  111  8:15  Pylon  
  111  8:19  Pylon  
  111  8:26  Stalker, Protoss Ground Armor Level 2  
  111  8:27  Stalker x2  
  115  8:30  Pylon  
  115  8:31  Pylon  
  113  8:48  Zealot x2  
  117  8:52  Sentry, Nexus, Zealot x2  
  123  8:56  Warp Prism  
  123  8:58  Stalker x2  
  125  9:04  Probe x2  
  129  9:23  Zealot x7  
  142  9:36  Nexus  
  142  9:38  Zealot  
  142  9:45  Zealot x4  
  142  9:48  Probe  
  127  10:05  Zealot x2  
  127  10:06  Zealot x6  
  143  10:18  Probe  
  143  10:19  Probe  
  141  10:35  Zealot x8  
  157  10:36  Probe x2  
  159  10:43  Templar Archives  
  159  10:45  Probe  
  144  11:03  Zealot x7  
Show
View Real Time Build Order
Export as new Build Order

Moja Terran 

Build Orders: Reaper Expand, Banshee Rush 

Get SALT Encoding   

  12  0:00  SCV  
  13  0:12  SCV  
  14  0:18  Supply Depot  
  14  0:24  SCV  
  15  0:39  SCV  
  15  0:41  Barracks  
  16  0:44  Refinery  
  16  0:51  SCV  
  17  1:03  SCV  
  18  1:16  SCV  
  19  1:28  Orbital Command, Reaper  
  20  1:49  Command Center  
  20  1:54  SCV  
  20  1:58  Supply Depot  
  21  2:01  Marine  
  21  2:07  SCV  
  23  2:11  Bunker  
  23  2:19  SCV, Marine  
  25  2:25  Factory  
  25  2:32  SCV  
  25  2:34  Refinery  
  26  2:44  SCV  
  28  2:53  Barracks Reactor  
  28  2:56  SCV  
  28  3:00  Orbital Command  
  28  3:10  SCV  
  29  3:13  Hellion  
  29  3:14  Starport  
  31  3:30  SCV x2  
  31  3:32  Marine  
  31  3:33  Marine  
  34  3:35  Factory Tech Lab  
  34  3:41  Bunker  
  33  3:42  SCV x2  
  33  3:45  Supply Depot  
  35  3:50  Marine x2  
  35  3:54  SCV x2  
  39  3:58  Cloaking Field, Banshee  
  39  4:00  Factory Tech Lab  
  42  4:06  SCV  
  42  4:07  SCV  
  44  4:10  Supply Depot  
  44  4:11  Marine x2  
  46  4:18  SCV  
  46  4:19  SCV, Siege Tank  
  51  4:30  SCV  
  51  4:31  SCV  
  53  4:32  Marine x2  
  53  4:34  Supply Depot  
  53  4:36  Barracks  
  55  4:41  Banshee  
  55  4:42  SCV  
  55  4:43  SCV  
  60  4:46  Barracks  
  60  4:48  Refinery  
  60  4:50  Marine x2  
  62  4:55  Siege Tank  
  62  4:59  SCV x2  
  67  5:02  Engineering Bay  
  67  5:05  Supply Depot  
  67  5:11  SCV x2  
  69  5:19  Marine  
  69  5:20  Marine  
  68  5:23  SCV x2  
  68  5:24  Refinery  
  70  5:28  Supply Depot  
  70  5:31  Terran Infantry Weapons Level 1  
  70  5:33  Stimpack  
  70  5:35  SCV, Starport Reactor  
  70  5:40  Factory Reactor  
  71  5:42  Marine x2  
  71  5:43  Supply Depot  
  71  5:44  Marauder x2  
  77  5:51  Supply Depot  
  77  5:57  Combat Shield  
  77  6:05  Marine, Marauder  
  80  6:15  Medivac x2  
  80  6:16  Marine, Command Center  
  80  6:17  Marauder  
  87  6:19  Widow Mine x2  
  91  6:27  Supply Depot, Marine  
  91  6:28  Marauder  
  94  6:34  Barracks  
  94  6:35  Barracks  
  94  6:37  Marine  
  95  6:42  Widow Mine x2  
  95  6:45  Marauder  
  101  6:48  Medivac  
  101  6:49  Marauder  
  101  6:50  Medivac  
  107  6:54  Supply Depot x2  
  107  6:55  SCV  
  107  6:56  SCV  
  109  7:02  Marine  
  109  7:08  Marine  
  110  7:16  SCV x2, Marauder x2  
  110  7:18  Concussive Shells  
  116  7:27  Marine  
  116  7:28  Terran Infantry Armor Level 1  
  116  7:29  Barracks Tech Lab  
  117  7:30  Orbital Command, SCV x2  
  117  7:34  Marine x2  
  117  7:35  Medivac  
  123  7:37  Marauder  
  123  7:41  Marine, Marauder  
  123  7:42  SCV  
  129  7:56  Marine  
  129  7:57  Marine, Marauder  
  113  7:59  SCV, Marauder, Medivac  
  113  8:00  SCV  
  116  8:06  Marine  
  116  8:07  SCV, Marauder  
  116  8:11  Marine  
  116  8:12  SCV  
  122  8:18  Marauder  
  122  8:20  Marine x2, Marauder  
  122  8:21  SCV x2  
  122  8:24  SCV  
  129  8:27  Armory  
  129  8:28  Engineering Bay, Marauder  
  129  8:33  SCV x2, Medivac x2  
  137  8:36  SCV  
  137  8:41  Marine  
  137  8:42  Marine, Marauder  
  137  8:46  Supply Depot, Command Center  
  137  8:47  Supply Depot  
  141  8:51  SCV, Marauder  
  143  8:56  Marine, Marauder  
  143  8:57  Marine  
  147  9:03  SCV x2  
  147  9:05  Marauder  
  147  9:07  SCV  
  145  9:19  Marine, Marauder  
  145  9:20  Marine x2, Marauder  
  145  9:22  Medivac x2  
  147  9:26  Marauder  
  149  9:32  Marine  
  149  9:34  SCV x3  
  149  9:35  Refinery  
  149  9:36  Refinery  
  153  9:41  Marauder  
  153  9:42  Marauder, Barracks x2  
  153  9:43  Barracks  
  153  9:47  Marine  
  153  9:48  Marauder  
  153  9:50  Marine  
  153  9:55  Marine, Viking x2  
  153  9:56  Marine  
  153  9:59  SCV x3  
  136  10:02  Marauder  
  136  10:03  Marauder  
  139  10:08  Marine x2  
  139  10:09  Marauder  
  139  10:11  SCV  
  139  10:13  Marine  
  145  10:15  Marine  
  145  10:20  Missile Turret  
  145  10:24  Marauder x2  
  145  10:27  Planetary Fortress  
  147  10:29  Marine, Viking  
  147  10:30  Barracks Tech Lab  
  147  10:31  Barracks Tech Lab, Marauder  
  152  10:37  Viking  
  152  10:38  Marine  
  155  10:44  SCV  
  155  10:45  Marauder  
Tags
 
Add a new tag
Caveats
  • Supply blocks, unpowered buildings, or Contaminate may cause inaccurate times.
  • Supply counts are checked every 10 seconds.